 Dungeon Crawl Stone Soup version 0.32-a0-42-ga30500b4d3 (webtiles) character file.

Game seed: 11970307844850824209

18 senseless the Ruffian (level 2, -1/31 HPs)
             Began as a Demonspawn Shapeshifter on Jan 29, 2024.
             Succumbed to a goblin's curare-tipped dart
             ... on level 2 of the Dungeon.
             The game lasted 00:01:31 (778 turns).

senseless the Ruffian (Demonspawn Shapeshifter)      Turns: 778, Time: 00:01:31

Health: -1/31      AC:  2    Str: 14    XL:     2   Next: 48%
Magic:  2/2        EV: 12    Int: 10    God:
Gold:   36         SH:  0    Dex: 12    Spells: 1/1 levels left

rFire   . .          .
                       - Unarmed
rCold   . . .        (no shield)
rNeg    . . .        a - +0 animal skin
rPois   .            (helmet currently unavailable)
rElec   .            (cloak currently unavailable)
rCorr   .            (gloves currently unavailable)
SInv    .            (boots currently unavailable)
Will    .....        (no amulet) Stlth
                     (no ring)
HPRegen 0.25/turn    (no ring)
MPRegen 0.08/turn

%: no passive effects
@: berserking, lethally poisoned (-1 -> -10), beast-form, slowed
A: beast (slay +1), demonic guardian 1
a: Begin Untransformation


You were on level 2 of the Dungeon.
You were a hulking beast.
You visited 1 branch of the dungeon, and saw 2 of its levels.

You collected 36 gold pieces.

Inventory:

Armour
 a - a +0 animal skin (worn)
 f - a +0 cloak
Talismans
 c - a beast talisman
 d - a flux talisman
Scrolls
 e - a scroll of teleportation {unknown}
 h - 2 scrolls of identify {unknown}
 j - a scroll of enchant weapon {unknown}
Potions
 b - 2 potions of lignification
 i - a potion of haste {unknown}


   Skills:
 + Level 1.5 Fighting
 + Level 2.1 Dodging
 + Level 2.9 Unarmed Combat
 + Level 2.8 Shapeshifting


You had one spell level left.
You didn't know any spells.
Your spell library was empty.

Dungeon Overview and Level Annotations

Branches:
Dungeon (2/15)

Altars:


Innate Abilities, Weirdness & Mutations

You are a hulking beast.
Your limbs bulge with bestial killing power. (Slay +1)
A weak demonic guardian rushes to your aid.


Message History

HP restored.
There is a stone staircase leading up here.
You now have 36 gold pieces (gained 4).
A hobgoblin comes into view.
The hobgoblin shouts!
Found a club.
A frilled lizard comes into view.
You hit the hobgoblin.
The hobgoblin is severely wounded.
The hobgoblin hits you.
You hit the hobgoblin but do no damage.
The hobgoblin is severely wounded.
The hobgoblin closely misses you.
You hit the hobgoblin.
You kill the hobgoblin!
You punch the frilled lizard!
You kill the frilled lizard!
No target in view!
You see here a hobgoblin corpse.
Found 6 stones.
A goblin comes into view.
It is wielding a +0 dagger and quivering curare-tipped darts.
The goblin shouts!
The goblin throws a curare-tipped dart.
The curare-tipped dart hits you.
You are poisoned.
You have difficulty breathing.
You feel yourself slow down.
You feel very sick.
The goblin throws a curare-tipped dart.
The curare-tipped dart hits you.
You are lethally poisoned!
You have difficulty breathing.
* * * LOW HITPOINT WARNING * * *
A demonic guardian appears!
You feel as though you will be slow longer.
It was a potion of berserk rage.
A red film seems to cover your vision as you go berserk!
You feel yourself moving faster!
You feel mighty!
* * * LOW HITPOINT WARNING * * *
You feel very sick.
You are too berserk!
You feel a strong urge to attack something.
You die...

..... ...........
..... #....#.#.#.
..... ##.#........
..... .....#.#.#.#
..... #.....g....#
##### #(......#.#
#.5.......#
#..h....# ####
#.......# #...
#####.......# #.##
#......#....# #...
#......#P...# #..#
#..######.~P# #...
#.. #...# ###..# #.
#PP†#######..... #P
P....#.P##......##.#


You could see a goblin (ally target) and a friendly shadow imp (summoned).

Vanquished Creatures
  A dart slug (D:2)
  A bat (D:1)
  2 endoplasms (D:1)
  2 goblins (D:1)
  2 hobgoblins
  3 kobolds (D:1)
  A ball python (D:1)
  A frilled lizard (D:2)
  A rat (D:1)
14 creatures vanquished.

Notes
Turn   | Place    | Note
-------+----------+-------------------------------------------
     0 | D:1      | senseless the Demonspawn Shapeshifter began the quest for
                  | the Orb.
     0 | D:1      | Reached XP level 1. HP: 15/15 MP: 1/1
   341 | D:1      | Gained mutation: A weak demonic guardian rushes to your
                  | aid. [demonic ancestry]
   341 | D:1      | Reached XP level 2. HP: 21/21 MP: 2/2
   778 | D:2      | Succumbed to a goblin's curare-tipped dart

Illustrated notes

Levels and vault maps discovered:
D:1:      dpeg_arrival_houses_and_road, layout_loops_ring
D:2:      layout_basic, serial_glass, glass_columns_a, glass_columns_b,
          glass_columns_b, glass_columns_a, glass_columns_c, glass_columns_c,
          glass_columns_b, glass_columns_b, glass_columns_b, glass_columns_a,
          glass_columns_b, glass_columns_a, glass_columns_c, glass_columns_b,
          feat_on_display, shapermc_ecumenical_altar_mp_ritualfount,
          basic_altar, minmay_pentomino_x2, uniq_terence, uniq_jessica,
          uniq_natasha

Skill      XL: |  1 |
---------------+----+-----
Dodging        | 2 |  2.1
Fighting       | |  1.5
Unarmed Combat | |  2.9
Shapeshifting  | |  2.8

Action                     || total
---------------------------++-------
  Melee: Unarmed           ||    38
         Punch             ||     1
    Use: Potion            ||     1
   Stab: Sleeping          ||     1
 Armour: Animal skin       ||    11
  Dodge: Dodged            ||    25

Table legend: (Time is in decaauts)
 A = Elapsed time spent in this place.
 B = Non-inter-level travel time spent in this place.
 C = Inter-level travel time spent in this place.
 D = Time resting spent in this place.
 E = Time spent auto-exploring this place.
 F = Levels seen in this place.
 G = Mean time per level.
                   A        B        C        D        E       F      G
               +--------+--------+--------+--------+--------+-----+--------+
         Total |    777 |    751 |     26 |      0 |    641 |   2 |  388.5 |
       Dungeon |    777 |    751 |     26 |      0 |    641 |   2 |  388.5 |
               +--------+--------+--------+--------+--------+-----+--------+

Top non-repeatable levels by time:
     D:1: 703 daAuts
     D:2: 73 daAuts
